 Dungeon Crawl Stone Soup version 0.29-a0-330-g52719c12eb (webtiles) character file.

Game seed: 1778738183959944658

805 Pichade the Ruffian (level 7, -10/71 HPs)
             Began as a Troll Berserker on May 1, 2022.
             Was a Priest of Trog.
             Mangled by an ogre
             ... wielding a +0 giant club
              (14 damage)
             ... on level 5 of the Dungeon.
             The game lasted 00:14:38 (2981 turns).

Pichade the Ruffian (Troll Berserker)               Turns: 2981, Time: 00:14:39

Health: -10/71     AC:  5    Str: 28    XL:     7   Next: 60%
Magic:  6/6        EV: 10    Int:  3    God:    Trog [***...]
Gold:   217        SH:  0    Dex:  9    Spells: 6/6 levels left

rFire   . . .      SeeInvis .     - Unarmed
rCold   + . .      Faith    .   (no shield)
rNeg    . . .      Spirit   .   d - +1 robe {rC+}
rPois   .          Reflect  .   (helmet restricted)
rElec   .          Harm     .   m - scarf {shadows}
rCorr   .          Rampage  .   (gloves unavailable)
Will    .....                   (boots unavailable)
Stlth   +.........              (no amulet)
HPRegen 1.01/turn               (no ring)
MPRegen 0.10/turn               (no ring)

@: on berserk cooldown, slowed, very slow
A: large, unfitting armour, claws 3, regeneration 1, shaggy fur 1, tough skin 1
a: Renounce Religion, Berserk, Trog's Hand


You were on level 5 of the Dungeon.
You worshipped Trog.
Trog was most pleased with you.
You visited 1 branch of the dungeon, and saw 5 of its levels.

You collected 217 gold pieces.

Inventory:

Missiles
 h - 104 stones
 l - 2 boomerangs (quivered)
Armour
 a - a +0 animal skin
 d - a +1 robe of cold resistance (worn)
 k - a scarf of invisibility
 m - a scarf of shadows (worn)
 t - a +0 pair of gloves
Scrolls
 c - 2 scrolls of holy word {unknown}
 f - 3 scrolls of vulnerability {unknown}
 g - 4 scrolls of teleportation {unknown}
 i - 2 scrolls of immolation {unknown}
 j - 2 scrolls of enchant weapon {unknown}
 o - a scroll of enchant armour {unknown}
 q - a scroll of noise {unknown}
Potions
 b - a potion of attraction {unknown}
 e - a potion of mutation {unknown}
 n - 2 potions of curing {unknown}
 p - 2 potions of flight {unknown}
 r - a potion of magic {unknown}
 s - a potion of haste {unknown}
 u - a potion of might


   Skills:
 + Level 4.9 Fighting
 + Level 3.1 Throwing
 - Level 3.0 Dodging
 + Level 6.0 Unarmed Combat


You had 6 spell levels left.
You didn't know any spells.
Your spell library contained the following spells:

 Spells                   Type           Power      Damage    Failure   Level
 Magic Dart               Conj           0%         1d3       52%         1
 Call Imp                 Summ           0%         N/A       67%         2
 Mephitic Cloud           Conj/Pois/Air  0%         N/A       88%         3


Dungeon Overview and Level Annotations

Branches:
Dungeon (5/15)
 Temple: D:4-7

Altars:
Cheibriados
Fedhas
Gozag
Nemelex Xobeh
Wu Jian

Shops:
D:2 [


Innate Abilities, Weirdness & Mutations

You are too large for most types of armour.
You have claws for hands.
Your natural rate of healing is unusually fast.
You are covered in fur. (AC +1)
You have tough skin. (AC +1)


Message History

Trog accepts your kill.
Your Throwing skill increases to level 3!
Your Unarmed Combat skill increases to level 6!
The adder bites you but does no damage.
You feel a strong urge to attack something.
The adder barely misses you.
You closely miss the adder. The adder barely misses you.
You barely miss the adder. The adder barely misses you.
You mangle the adder!!
You kill the adder!
Trog accepts your kill.
No target in view!
No target in view!
You feel a strong urge to attack something.
You are no longer berserk.
You are exhausted.
You feel yourself slow down.
An ogre comes into view. It is wielding a +0 giant club.
Found 10 gold pieces.
An ogre is nearby!
You claw the ogre! x2
The ogre is heavily wounded.
The ogre hits you with a +0 giant club.
You barely miss the ogre.
The ogre is heavily wounded.
The ogre hits you with a +0 giant club!!
You scratch the ogre.
The ogre is severely wounded.
The ogre completely misses you.
You barely miss the ogre.
The ogre is severely wounded.
The ogre hits you with a +0 giant club!!
* * * LOW HITPOINT WARNING * * *
You are too injured to fight recklessly!
The ogre attacks as you move away! The ogre barely misses you.
The ogre hits you with a +0 giant club!!
* * * LOW HITPOINT WARNING * * *
There is a stone staircase leading up here.
The ogre attacks as you move away! The ogre hits you with a +0 giant club!
You die...

####### #..####
#..$..###<....#
####.....#.......##
........#.##......
#.....#.##......
###.....#.##....#.#
#.....##..##..#.#.#
#.####.#.#.#......#
# ###..O@.......##
..#..#.#.#.#.####
.....†.......#
.....#.#.#.###
............#
.....#.#.#.##
.#...####### ###


You could see an ogre.

Vanquished Creatures
  Grinder (D:5)
  Sigmund (D:4)
  A black bear (D:3)
  A hound (D:4)
  A jelly (D:4)
  3 orc priests (D:3)
  An iguana (D:4)
  An orc wizard (D:3)
  3 gnolls (D:2)
  6 adders
  2 dart slugs
  2 worms
  3 orcs (D:3)
  11 endoplasms
  2 giant cockroaches
  5 goblins
  9 hobgoblins
  6 jackals
  8 kobolds
  4 quokkas
  6 ball pythons
  6 bats
  3 frilled lizards
  6 rats
92 creatures vanquished.

Notes
Turn   | Place    | Note
-------+----------+-------------------------------------------
     0 | D:1      | Pichade the Troll Berserker began the quest for the Orb.
     0 | D:1      | Reached XP level 1. HP: 22/22 MP: 0/0
     9 | D:1      | You fall into a shaft and drop 1 floor!
    58 | D:2      | Reached XP level 2. HP: 29/29 MP: 1/1
   143 | D:2      | Reached XP level 3. HP: 24/36 MP: 2/2
   261 | D:1      | Reached ** piety under Trog
   339 | D:1      | Reached XP level 4. HP: 43/45 MP: 3/3
   356 | D:1      | Found a faded altar of an unknown god.
  1050 | D:2      | Found Butaorgh's Antique Armour Emporium.
  1148 | D:3      | Noticed a black bear
  1153 | D:3      | Killed a black bear
  1154 | D:3      | Reached skill level 4 in Unarmed Combat
  1154 | D:3      | Reached XP level 5. HP: 44/54 MP: 4/4
  1298 | D:3      | Reached *** piety under Trog
  1444 | D:3      | Found an ornate altar of the Wu Jian Council.
  1844 | D:3      | Found a sparkling altar of Nemelex Xobeh.
  1875 | D:3      | Reached skill level 1 in Throwing
  1875 | D:3      | Reached XP level 6. HP: 62/62 MP: 5/5
  1880 | D:3      | Reached skill level 5 in Unarmed Combat
  2103 | D:4      | Noticed Sigmund
  2153 | D:4      | Killed Sigmund
  2229 | D:4      | Reached XP level 7. HP: 65/71 MP: 6/6
  2751 | D:4      | Found an opulent altar of Gozag.
  2763 | D:4      | Found a blossoming altar of Fedhas.
  2766 | D:4      | Found a snail-covered altar of Cheibriados.
  2924 | D:5      | Entered Level 5 of the Dungeon
  2943 | D:5      | Noticed Grinder
  2953 | D:5      | Killed Grinder
  2954 | D:5      | Reached skill level 6 in Unarmed Combat
  2979 | D:5      | HP: 3/71 [ogre/+0 giant club (19)]
  2981 | D:5      | Mangled by an ogre

Illustrated notes

Levels and vault maps discovered:
D:1:      mrwooster_arrival_statue_3, layout_basic,
          ebering_ecumenical_altar_abandoned
D:2:      layout_rooms, serial_shops, nicolae_shop_crystal
D:3:      layout_basic, nemelex_xobeh_ov_fountains_minmay,
          general_overflow_altar, chequers_serial_rivers_micro_b
D:4:      layout_basic, minmay_overflow_temple_star_quad, uniq_sigmund
D:5:      layout_loops_cross, minmay_temple_entry_large_hall, st_stairs_8,
          uniq_grinder

Skill      XL: |  1  2  3  4  5  6  7 |
---------------+----------------------+-----
Fighting       | 3 4 |  4.9
Dodging        | 3 |  3.0
Unarmed Combat | 4 5 6 |  6.0
Throwing       | 1 2 3 |  3.1

Action                   |  1- 3 |  4- 6 |  7- 9 || total
-------------------------+-------+-------+-------++-------
Melee: Unarmed           |    59 |   159 |    35 ||   253
       Punch             |     2 |     3 |     2 ||     7
Throw: Boomerang         |       |     9 |       ||     9
Invok: Berserk           |       |     1 |     1 ||     2
       Trog's Hand       |       |     1 |       ||     1
  Use: Potion            |       |     2 |       ||     2
Armor: Animal skin       |    23 |    43 |       ||    66
       Robe              |       |       |     5 ||     5
Dodge: Dodged            |    54 |    85 |    15 ||   154

Table legend: (Time is in decaauts)
 A = Elapsed time spent in this place.
 B = Non-inter-level travel time spent in this place.
 C = Inter-level travel time spent in this place.
 D = Time resting spent in this place.
 E = Time spent auto-exploring this place.
 F = Levels seen in this place.
 G = Mean time per level.
                   A        B        C        D        E       F      G
               +--------+--------+--------+--------+--------+-----+--------+
         Total |   2996 |   2795 |    201 |      0 |   2153 |   5 |  599.2 |
       Dungeon |   2996 |   2795 |    201 |      0 |   2153 |   5 |  599.2 |
               +--------+--------+--------+--------+--------+-----+--------+

Top non-repeatable levels by time:
     D:4: 928 daAuts
     D:3: 913 daAuts
     D:1: 549 daAuts
     D:2: 543 daAuts
     D:5: 60 daAuts
